 Dungeon Crawl Stone Soup version 0.27-a0-1334-g2746e35aca (webtiles) character file.

Game seed: 11703750833742358913

2 sokol815 the Chiller (level 1, -3/11 HPs)
             Began as an Octopode Ice Elementalist on June 27, 2021.
             Slain by a worm (5 damage)
             ... on level 3 of the Dungeon.
             The game lasted 00:01:31 (715 turns).

sokol815 the Chiller (Octopode Ice Elementalist)     Turns: 715, Time: 00:01:31

Health: -3/11      AC:  1    Str:  7    XL:     1   Next: 40%
Magic:  0/3        EV: 13    Int: 17    God:
Gold:   0          SH:  0    Dex: 12    Spells: 3/4 levels left

rFire    . . .     SeeInvis .   (no weapon)
rCold    . . .     Faith    .   (no shield)
rNeg     . . .     Spirit   .   (helmet restricted)
rPois    .         Reflect  .   (no amulet)
rElec    .         Harm     .   (no ring)
rCorr    .         Rampage  .   (no ring)
Will     .....                  (no ring)
Stlth    +++.......             (no ring)
HPRegen  0.03/turn              (no ring)
MPRegen  0.08/turn              (no ring)
                                (no ring)
                                (no ring)

@: very slightly contaminated
A: almost no armour, amphibious, 8 rings, camouflage 1, gelatinous body 1,
(nimble swimmer 1), tentacles
a: no special abilities


You were on level 3 of the Dungeon.
You visited 1 branch of the dungeon, and saw 3 of its levels.

You aren't carrying anything.


   Skills:
 - Level 2.0 Dodging
 - Level 2.6 Stealth
 - Level 2.0 Spellcasting
 + Level 4.1 Ice Magic


You had 3 spell levels left.
You knew the following spells:

 Your Spells              Type           Power      Damage    Failure   Level
a - Freeze                Ice            60%        1d8       3%          1

Your spell library contained the following spells:

 Spells                   Type           Power      Damage    Failure   Level
 Frozen Ramparts          Ice            30%        1d5       11%         3
 Ozocubu's Armour         Ice            15%        N/A       11%         3
 Hailstorm                Conj/Ice       8%         3d4       63%         4
 Metabolic Englaciation   Hex/Ice        4%         N/A       93%         5


Dungeon Overview and Level Annotations

Branches:
Dungeon (2/15)

Altars:


Innate Abilities, Weirdness & Mutations

You cannot wear most types of armour.
You are amphibious.
You can wear up to eight rings at the same time.
Your skin changes colour to match your surroundings (Stealth+).
Your rubbery body absorbs attacks. (AC +1, EV +1)
((You are camouflaged near water. (Stealth+)))
You have tentacles for arms and can constrict up to eight enemies at once.


Message History

The endoplasm freezes you.
You are frozen.
You take 1 damage, and have 10/11 hp.
You now have 2/3 mp.
Aim: an endoplasm (severely wounded)
You freeze the endoplasm. The endoplasm freezes you.
You are frozen.
You take 4 damage, and have 6/11 hp.
MASSIVE DAMAGE!!
You now have 1/3 mp.
Aim: an endoplasm (severely wounded)
You freeze the endoplasm.
You kill the endoplasm!
You now have 0/3 mp.
You start resting.
Health restored: 11; MP restored: 3
Found a runed leather armour.
A rat comes into view.
Aim: a rat You freeze the rat!
You kill the rat!
You now have 2/3 mp.
You see here a +2 leather armour of willpower.
A kobold comes into view. It is wielding a +0 whip.
MP restored: 3 You see here a sapphire potion.
Found a coppery potion.
Found a stone staircase leading down.
A bat and a gnoll come into view.
The gnoll shouts!
A ball python comes into view.
The gnoll moves out of view.
Aim: a bat You freeze the bat!
You kill the bat!
The kobold hits you with a +0 whip.
You take 5 damage, and have 6/11 hp.
MASSIVE DAMAGE!!
You now have 2/3 mp.
The kobold barely misses you.
A goblin comes into view. It is wielding a +0 club.
The kobold misses you.
There is a stone staircase leading down here.
The kobold hits you with a +0 whip.
You climb downwards.
A ball python and a goblin come into view.
Found 17 stones, 2 sedimented red potions and a ring mail.
Found a stone staircase leading down.
There is a stone staircase leading up here.
You take 1 damage, and have 5/11 hp.
A hobgoblin comes into view.
The kobold throws a stone.
The stone closely misses you.
A ball python comes into view.
You see here 2 sedimented red potions.
MP restored: 3 The goblin shouts!
The kobold throws a stone.
The stone barely misses you.
There is a shaft here.
You fall into a shaft and drop 1 floor!
The shaft crumbles and collapses.
A ball python and 2 jackals come into view.
You start resting.
Health restored: 11
There is a shaft here.
A worm comes into view.
The worm closely misses you.
Aim: a worm You freeze the worm.
You now have 2/3 mp.
Aim: a worm (moderately wounded)
You freeze the worm. The worm bites you.
Ouch! That really hurt!
You take 6 damage, and have 5/11 hp.
MASSIVE DAMAGE!!
You now have 1/3 mp.
MP restored: 3 You start resting.
A worm is nearby!
You start resting.
A worm is nearby!
You start resting.
Health restored: 11 The worm barely misses you.
Aim: a worm You freeze the worm!
You now have 2/3 mp.
Aim: a worm (heavily wounded)
You miscast Freeze.
You are very lightly contaminated with residual magic.
Nothing appears to happen.
The worm bites you!
Ouch! That really hurt!
* * * LOW HITPOINT WARNING * * *
You take 9 damage, and have 2/11 hp.
MASSIVE DAMAGE!!
You now have 1/3 mp.
Aim: a worm (moderately wounded)
You freeze the worm. The worm bites you.
You die...

#.#
#.........
#.#
#.........
#.#
#.........
#.#
#.........
#.#
######.###
#.# .# #.#
# #.# #@#
#w# #.#
#.# #.#
#.# #.#
#.# #.#


You could see a worm.

Vanquished Creatures
  An endoplasm (D:1)
  A bat (D:1)
  A rat (D:1)
3 creatures vanquished.

Notes
Turn   | Place    | Note
-------+----------+-------------------------------------------
     0 | D:1      | sokol815 the Octopode Ice Elementalist began the quest for
                  | the Orb.
     0 | D:1      | Reached XP level 1. HP: 11/11 MP: 3/3
   298 | D:2      | You fall into a shaft and drop 1 floor!
   714 | D:3      | HP: 2/11 [worm (9)]
   715 | D:3      | Slain by a worm

Illustrated notes

Levels and vault maps discovered:
D:1:      nicolae_arrival_memento_mori, layout_basic
D:2:      layout_rooms, hellmonk_ecumenical_altar_blasted
D:3:      layout_basic, uniq_jessica

Action                   || total
-------------------------++-------
 Cast: Freeze            ||     9
Dodge: Dodged            ||     6

Table legend: (Time is in decaauts)
 A = Elapsed time spent in this place.
 B = Non-inter-level travel time spent in this place.
 C = Inter-level travel time spent in this place.
 D = Time resting spent in this place.
 E = Time spent auto-exploring this place.
 F = Levels seen in this place.
 G = Mean time per level.
                   A        B        C        D        E       F      G
               +--------+--------+--------+--------+--------+-----+--------+
         Total |    714 |    714 |      0 |    467 |    118 |   3 |  238.0 |
       Dungeon |    714 |    714 |      0 |    467 |    118 |   3 |  238.0 |
               +--------+--------+--------+--------+--------+-----+--------+

Top non-repeatable levels by time:
     D:3: 416 daAuts
     D:1: 291 daAuts
     D:2: 6 daAuts

Table legend:
 A = Kills in this place as a percentage of kills in entire the game.
 B = Kills by you in this place as a percentage of kills by you in the entire game.
 C = Kills by friends in this place as a percentage of kills by friends in the entire game.
 D = Other kills in this place as a percentage of other kills in the entire game.
 E = Experience gained in this place as a percentage of experience gained in the entire game.
 F = Experience gained in this place divided by the number of levels of this place that you have seen.
                   A       B       C       D       E      F
               +-------+-------+-------+-------+-------+----------------------
         Total | 100.0 | 100.0 |   N/A |   N/A | 100.0 |   1.3
       Dungeon | 100.0 | 100.0 |   N/A |   N/A | 100.0 |   1.3
               +-------+-------+-------+-------+-------+----------------------
